AoeStats
← Falconz

Arabia

510032506Analyzed
2v2 RM · 4d ago on Sep 29, 2026· 38m 43s· 4 players
Game mode
Random Map
Map size
Medium (4 player)
Population
200
Speed
Normal
Resources
Standard
Victory
Conquest
Starting age
Dark Age
Ending age
Imperial Age
RankedLock teamsTeams togetherTeam positionsShared explorationLock speedFull tech treeHidden civsTurbo modeCheats
Victory
Defeat
🇵🇪 Vietnamese · Peru
1153
+16
🇨🇱 Wei · Chile
1100
+18
🇨🇴 Ethiopians · Colombia
1165
-17
🇨🇴 Franks · Colombia
1145
-17
Xavi-10-
6:40 Loom
9:31 Feudal Age
10:40 Double-Bit Axe
14:18 Horse Collar
20:19 Castle Age
19:09 Bloodlines
20:12 Scale Barding Armor
21:56 Bow Saw
22:46 Heavy Plow
23:08 Husbandry
24:13 Wheelbarrow
26:25 Chain Barding Armor
27:52 Forging
29:17 Iron Casting
29:51 Hand Cart
31:34 Gold Mining
32:00 Town Watch
32:56 Fletching
33:42 Bodkin Arrow
36:28 Imperial Age
34:44 Stone Mining
37:14 Town Patrol
36:47 Cavalier
38:04 Plate Barding Armor
38:39 Chemistry
38:49 Bracer
rodrigolbs
6:44 Loom
10:05 Feudal Age
12:25 Double-Bit Axe
17:18 Scale Barding Armor
22:27 Forging
24:04 Bloodlines
28:43 Castle Age
29:46 Chain Barding Armor
36:11 Bow Saw
38:57 Horse Collar
Hex
7:29 Loom
10:36 Feudal Age
11:14 Double-Bit Axe
12:39 Fletching
21:17 Castle Age
21:07 Padded Archer Armor
20:49 Horse Collar
21:33 Gold Mining
21:26 Crossbowman
22:05 Bodkin Arrow
22:21 Bow Saw
23:59 Wheelbarrow
23:34 Town Watch
27:42 Thumb Ring
33:45 Heavy Plow
36:11 Squires
36:22 Forging
37:20 Scale Mail Armor
Falconz
6:53 Loom
9:55 Feudal Age
10:53 Double-Bit Axe
19:25 Scale Barding Armor
26:49 Castle Age
26:55 Castle Age
27:31 Forging
28:26 Chain Barding Armor
28:04 Gold Mining
28:29 Bow Saw
28:56 Pikeman
Connection lost

Rejoining the realm…

Still unreachable

The connection could not be restored.

Session expired

The server has moved on; the page needs a fresh start.